 Dungeon Sprint DCSS version 0.30-a0-777-ga9a30cbeda (webtiles) character file.

Game seed: 3076660855077505557

21 sircluck the Trooper (level 2, -2/28 HPs)
             Began as a Hill Orc Fighter on Feb 13, 2023.
             Slain by a gnoll bouda
             ... wielding a +0 club
              (4 damage)
             ... in the Dungeon (Sprint VII: "The Pits").
             The game lasted 00:00:22 (31 turns).

sircluck the Trooper (Hill Orc Fighter)               Turns: 31, Time: 00:00:23

Health: -2/28      AC:  7    Str: 18    XL:     2   Next: 83%
Magic:  2/2        EV:  9    Int:  8    God:
Gold:   0          SH:  4    Dex: 10    Spells: 1/1 levels left

rFire   . . .      SeeInvis .    a - +0 war axe
rCold   . . .      Faith    .    c - +0 buckler
rNeg    . . .      Spirit   .    b - +0 scale mail
rPois   .          Reflect  .    (no helmet)
rElec   .          Harm     .    (no cloak)
rCorr   .          Rampage  .    (no gloves)
Will    .....      NoTele   +    (no boots) Stlth
                                 (no amulet)
HPRegen 0.24/turn                (no ring)
MPRegen 0.08/turn                (no ring)

@: weakened
A: no striking features
a: no special abilities


You were in the Dungeon.
You visited 1 branch

Inventory:

Hand Weapons
 a - a +0 war axe (weapon)
Armour
 b - a +0 scale mail (worn)
 c - a +0 buckler (worn)
Scrolls
 j - a scroll of blinking
Potions
 d - a potion of might
 e - a potion of curing
 g - a potion of haste
 h - 2 potions of magic
 i - a potion of berserk rage


   Skills:
 + Level 4.7 Fighting
 + Level 4.0 Axes
 + Level 4.7 Armour
 + Level 4.4 Shields


You had one spell level left.
You didn't know any spells.
Your spell library was empty.

Dungeon Overview and Level Annotations

Branches:
Dungeon (1/1)

Altars:


Message History

* * * LOW HITPOINT WARNING * * *
The gnoll barely misses you.
You feel much better. The gnoll closely misses you.
The gnoll hits you but does no damage.
The shadow strikes at you from the darkness!
Ouch! That really hurt!
Reactivating autopickup.
You slash the gnoll!
You kill the gnoll!
You hit the gnoll bouda. You hit the gnoll. You closely miss the shadow.
You barely miss the gnoll. You block the gnoll's attack.
The gnoll completely misses you.
The gnoll bouda barks out a call to the hunt!
The gnolls pick up the pace!
You block the shadow's attack. The gnoll hits you but does no damage.
Your Axes skill increases to level 4!
You slash the gnoll!
The gnoll is almost dead.
You hit the shadow. You slash the gnoll! You slash the gnoll bouda!
You block the gnoll's attack.
The gnoll bouda gazes fiercely through you!
You feel your attacks grow feeble.
The gnoll bouda hits you with a +0 club.
The shadow hits you. The gnoll hits you with a +0 club.
* * * LOW HITPOINT WARNING * * *
You block the gnoll's attack.
The gnoll bouda gazes fiercely through you!
You feel as though you will be weak longer.
The gnoll bouda barely misses you.
You closely miss the gnoll.
The gnoll is almost dead.
You closely miss the shadow. You hit the gnoll. You hit the gnoll bouda.
The shadow slips into darkness.
The shadow flickers and vanishes!
Deactivating autopickup; reactivate with Ctrl-A.
The gnoll hits you with a +0 club.
* * * LOW HITPOINT WARNING * * *
You block the gnoll's attack.
The gnoll bouda hits you with a +0 club.
You die...

#................#
#......#..#......#
#................+
+................+
#......#..#......#
#................#
####'#####''######
#.......##g{#####
#.......##@)†...#
#.......##gg)...#
#...<...###....##
#.......# ##''##
#.......# ....#
#.......# ......#
##########......+
#......# ##....##


You could see a gnoll bouda and 2 gnolls.

Vanquished Creatures
  2 gnolls (D)
  A rat (D)
3 creatures vanquished.

Notes
Turn   | Place    | Note
-------+----------+-------------------------------------------
     0 | D        | sircluck the Hill Orc Fighter began the quest for the Orb.
     0 | D        | Reached XP level 1. HP: 19/19 MP: 1/1
    17 | D        | Noticed a gnoll bouda
    17 | D        | Noticed a shadow
    25 | D        | Reached XP level 2. HP: 12/28 MP: 2/2
    31 | D        | Slain by a gnoll bouda

Illustrated notes

Levels and vault maps discovered:
D:        pitsprint [storerooms_1, entrance_room_1, metal_vault_2, armoury_2,
          mini_pit_1, grid_room_1, main_hall_1, silver_pit, the_coven_2,
          the_vestibule_1, steel_vault_5, golden_pit, hallway_of_sentries,
          crystal_vault_4, iron_vault_1, final_vault]

Skill      XL: |  1  2 |
---------------+-------+-----
Fighting       | 4 |  4.7
Axes           | 3 4 |  4.0
Armour         | 4 |  4.7
Shields        | 4 |  4.4

Action                     || total
---------------------------++-------
  Melee: War axe           ||    11
    Use: Potion            ||     1
 Armour: Scale mail        ||     7
  Dodge: Dodged            ||    15
  Block: Buckler           ||    11

Table legend: (Time is in decaauts)
 A = Elapsed time spent in this place.
 B = Non-inter-level travel time spent in this place.
 C = Inter-level travel time spent in this place.
 D = Time resting spent in this place.
 E = Time spent auto-exploring this place.
 F = Levels seen in this place.
 G = Mean time per level.
                   A        B        C        D        E       F      G
               +--------+--------+--------+--------+--------+-----+--------+
         Total |     35 |     35 |      0 |      0 |     17 |   1 |   35.0 |
       Dungeon |     35 |     35 |      0 |      0 |     17 |   1 |   35.0 |
               +--------+--------+--------+--------+--------+-----+--------+

Top non-repeatable levels by time:
       D: 35 daAuts
